 Dungeon Crawl Stone Soup version 0.19-a0-1007-g133f65f (webtiles) character file.

12061 mrath the Basher (level 11, -2/145 HPs)
             Began as a Minotaur Fighter on July 21, 2016.
             Was an Elder of Trog.
             Slain by a river rat (4 damage)
             ... on level 2 of the Lair of Beasts.
             The game lasted 00:52:27 (11670 turns).

mrath the Basher (Minotaur Fighter)                Turns: 11670, Time: 00:52:28

Health: -2/145     AC: 17    Str: 28    XL:     11   Next: 57%
Magic:  14/14      EV: 10    Int:  5    God:    Trog [****..]
Gold:   394        SH: 12    Dex: 11    Spells: 0 memorised, 10 levels left

rFire  + . .     SeeInvis .     T - +1 flail (drain)
rCold  + . .     Gourm    .     P - +0 plate armour
rNeg   + + .     Faith    .     c - +0 shield
rPois  +         Spirit   .     o - +2 hat of Midsummer {rPois rF+ rC+ rN+ Stlth-}
rElec  .         Dismiss  +     Z - +0 cloak
rCorr  .         Reflect  .     (no gloves)
SustAt .         Harm     .     (no boots)
MR     +....                    R - amulet of dismissal
Stlth  ..........               A - ring of positive energy
                                h - ring of protection from magic

@: berserking (expiring), very quick, somewhat resistant to hostile
enchantments, extremely unstealthy
A: retaliatory headbutt, horns 2
a: Berserk, Trog's Hand, Brothers in Arms, Burn Spellbooks, Renounce Religion


You were on level 2 of the Lair of Beasts.
You worshipped Trog.
Trog was greatly pleased with you.
You were hungry.

You visited 3 branches of the dungeon, and saw 12 of its levels.

You collected 478 gold pieces.
You spent 84 gold pieces at shops.

Inventory:

Hand Weapons
 T - a +1 flail of draining (weapon)
 X - a +0 blowgun
Missiles
 m - 2 tomahawks (quivered)
 Q - 2 throwing nets
 V - 16 curare-tipped needles
 Y - 36 poisoned needles
Armour
 c - a +0 shield (worn)
 o - the +2 hat of Midsummer (worn) {rPois rF+ rC+ rN+ Stlth-}
   (You found it on level 1 of the Lair of Beasts)

   It protects you from fire.
   It protects you from cold.
   It protects you from poison.
   It protects you from negative energy.
   It makes you less stealthy.
 P - a +0 plate armour (worn)
 Z - a +0 cloak (worn)
Jewellery
 d - an uncursed amulet of rage
 h - a ring of protection from magic (left hand)
 A - a ring of positive energy (right hand)
 B - an uncursed ring of protection from fire
 I - an uncursed ring of protection from cold
 N - an uncursed ring of flight
 R - an amulet of dismissal (around neck)
Wands
 b - a wand of disintegration (8/24)
 e - a wand of polymorph (7/24)
 p - a wand of slowing (10/48)
 w - a wand of flame (30/48)
 W - a wand of iceblast (6/15)
Scrolls
 a - a scroll of brand weapon {unknown}
 g - a scroll of identify
 j - 2 scrolls of teleportation
 r - 6 scrolls of remove curse
 J - 3 scrolls of magic mapping
 M - 2 scrolls of blinking
Potions
 i - 2 potions of heal wounds
 k - 6 potions of curing
 n - a potion of resistance
 K - 5 potions of cancellation
Comestibles
 f - 2 bread rations
 l - 2 meat rations
 q - 3 chunks of flesh
 z - 9 fruits
 L - 9 beef jerkies


   Skills:
 + Level 9.6 Fighting
 + Level 11.4 Maces & Flails
 + Level 9.4 Armour
 + Level 7.8 Dodging
 + Level 9.3 Shields
 + Level 6.3 Evocations


You had 10 spell levels left.
You didn't know any spells.

Dungeon Overview and Level Annotations

Branches:
Dungeon (9/15)             Temple (1/1) D:5            Lair (2/6) D:9
  Swamp: Lair:2-4    Shoals: Lair:2-4     Snake: Lair:2-4    Spider: Lair:2-4
    Orc: D:9-12

Altars:
Ashenzari
Cheibriados
Dithmenos
Elyvilon
Fedhas
Gozag
Hepliaklqana
Kikubaaqudgha
Makhleb
Nemelex Xobeh
Okawaru
Pakellas
Qazlal
Ru
Sif Muna
Trog
Uskayaw
Vehumet
Xom
Yredelemnul
Zin
The Shining One

Shops:
D:8 *

Annotations:
D:5 Tungsten's ghost, novice DDFi


Innate Abilities, Weirdness & Mutations

You reflexively headbutt those who attack you in melee.
You have a pair of horns on your head.


Message History

The giant leech bites you but does no damage.
Your plate armour prevents you from hitting the giant leech.
You headbutt the giant leech!
The giant leech is severely wounded.
The river rat bites you but does no damage.
You block the rat's attack. x2
A rat comes into view.
You barely miss the giant leech.
The giant leech is severely wounded.
You block the giant leech's attack.
You miss the giant leech.
The giant leech is severely wounded.
You block the river rat's attack. The rat barely misses you.
The rat bites you but does no damage.
You miss the giant leech.
The giant leech is severely wounded.
The giant leech bites you!!
* * * LOW HITPOINT WARNING * * *
The river rat bites you.
You die...

#.#.##..####......≈≈≈≈ .
#.......+†##......... .
+...⌠...÷†..†......# .#
........††.........##.###
.....#..###.............#
##......# #.............#
.###.###.###.......P#
..#### #.##....w..## ...
###...†@..# ..# #
#...rrr.# ..##.##
#........# .......
.............. .......
............#... .......
...........##... .......
....r......# .. .......
............ .......


You could see a giant leech, a river rat and 3 rats.

Vanquished Creatures
  Harold (Lair:1)
  The ghost of mrath the Basher, a novice MiFi of Okawaru (D:7)
  A black mamba (Lair:1)
  2 spiny frogs
  3 komodo dragons
  4 blink frogs (Lair:1)
  2 hungry ghosts
  12 yaks (Lair:1)
  A basilisk (Lair:1)
  2 hippogriffs (Lair:1)
  Edmund (D:5)
  A water moccasin (Lair:2)
  4 sky beasts
  3 orc warriors
  2 black bears
  3 necrophages (D:8)
  A phantom (D:8)
  4 ogres
  6 wolves
  2 centaurs
  3 crocodiles
  2 big kobolds
  Blork the orc (D:5)
  12 giant frogs
  A water moccasin zombie (D:7)
  2 scorpions
  A howler monkey (D:5)
  3 crimson imps
  A centaur zombie (D:8)
  2 giant frog zombies
  3 hounds
  4 jellies
  4 orc priests
  3 centaur skeletons
  A gnoll shaman (D:7)
  11 orc wizards
  4 giant frog skeletons
  4 iguanas
  Ijyb (D:3)
  A hell rat (Lair:2)
  6 worker ants
  14 sheep
  2 killer bee zombies
  3 hound skeletons (D:8)
  A mummy (D:7)
  4 adders
  6 gnolls
  2 howler monkey skeletons
  32 river rats
  2 shadow imps
  2 oozes
  3 adder skeletons
  3 adder zombies
  4 worms
  2 dart slugs
  9 giant geckos
  39 orcs
  4 giant cockroaches
  6 goblins
  13 hobgoblins
  2 jackals (D:3)
  8 quokkas
  3 ball pythons
  6 bats
  6 giant newts
  A jackal skeleton (D:5)
  A jackal zombie (D:8)
  15 kobolds
  2 quokka skeletons
  7 rats
  A spectral orc (D:5)
329 creatures vanquished.

Vanquished Creatures (others)
  A wolf spider (D:6)
  A bush (D:8)
  A fungus (Lair:1)
  8 plants
11 creatures vanquished.

Grand Total: 340 creatures vanquished

Notes
Turn   | Place    | Note
-------+----------+-------------------------------------------
     0 | D:1      | mrath the Minotaur Fighter began the quest for the Orb.
     0 | D:1      | Reached XP level 1. HP: 19/19 MP: 0/0
   108 | D:1      | Reached skill level 3 in Maces & Flails
   153 | D:1      | Reached XP level 2. HP: 23/26 MP: 1/1
   443 | D:1      | Reached skill level 4 in Maces & Flails
   956 | D:2      | Reached XP level 3. HP: 31/31 MP: 2/2
  1386 | D:2      | Reached skill level 5 in Maces & Flails
  1630 | D:3      | Noticed Ijyb
  1636 | D:3      | Killed Ijyb
  1636 | D:3      | Reached XP level 4. HP: 39/39 MP: 3/3
  2012 | D:3      | Found a shattered altar of Ashenzari.
  2046 | D:3      | Reached skill level 6 in Maces & Flails
  2586 | D:4      | Reached XP level 5. HP: 45/45 MP: 4/4
  2660 | D:4      | Found a white marble altar of Elyvilon.
  2703 | D:4      | Reached skill level 7 in Maces & Flails
  2746 | D:4      | Found an opulent altar of Gozag.
  2883 | D:4      | Noticed an ogre
  2889 | D:4      | Killed an ogre
  2889 | D:4      | Reached XP level 6. HP: 44/52 MP: 5/5
  3381 | D:5      | Entered Level 5 of the Dungeon
  3386 | D:5      | Found a staircase to the Ecumenical Temple.
  3409 | Temple   | Entered the Ecumenical Temple
  3598 | D:5      | Noticed Tungsten's ghost (novice DDFi)
  3691 | D:5      | Noticed Blork the orc
  3698 | D:5      | Killed Blork the orc
  3698 | D:5      | Reached skill level 1 in Dodging
  3699 | D:5      | Found a sacrificial altar of Ru.
  3835 | D:5      | Reached skill level 1 in Evocations
  3850 | D:5      | Reached XP level 7. HP: 58/60 MP: 6/6
  3856 | D:5      | Found an ancient bone altar of Kikubaaqudgha.
  3878 | D:5      | Found a sparkling altar of Nemelex Xobeh.
  4341 | D:5      | Reached skill level 8 in Maces & Flails
  4445 | D:5      | Noticed Edmund
  4466 | D:5      | Killed Edmund
  4466 | D:5      | Reached skill level 5 in Fighting
  4466 | D:5      | Reached skill level 5 in Shields
  4760 | D:5      | Found a basalt altar of Yredelemnul.
  5018 | D:6      | Reached XP level 8. HP: 68/68 MP: 8/8
  5310 | D:6      | Reached skill level 5 in Armour
  5675 | D:6      | Found an oddly glowing altar of Pakellas.
  5675 | D:6      | Noticed a wolf spider
  5681 | D:6      | Killed a wolf spider
  6145 | D:7      | Found a shimmering altar of Xom.
  6189 | D:7      | Noticed mrath's ghost (novice MiFi)
  6429 | D:7      | Found a snail-covered altar of Cheibriados.
  6436 | D:7      | Reached skill level 9 in Maces & Flails
  6436 | D:7      | Reached XP level 9. HP: 59/75 MP: 10/10
  6893 | Temple   | Became a worshipper of Trog the Wrathful
  6958 | D:7      | Killed mrath's ghost
  7208 | D:7      | Reached skill level 5 in Dodging
  7412 | D:8      | Found Laguutauho's General Store.
  7472 | D:8      | Bought a scroll of identify for 24 gold pieces
  7472 | D:8      | Bought a potion of heal wounds for 60 gold pieces
  7723 | D:8      | Found an iron altar of Okawaru.
  8101 | D:8      | Found a blossoming altar of Fedhas.
  8400 | D:8      | Reached XP level 10. HP: 80/88 MP: 12/12
  8548 | D:8      | Reached * piety under Trog
  9249 | D:9      | Reached skill level 10 in Maces & Flails
  9449 | D:9      | Reached skill level 5 in Evocations
  9455 | D:9      | Reached ** piety under Trog
  9562 | D:9      | Found a staircase to the Lair.
  9731 | Lair:1   | Entered Level 1 of the Lair of Beasts
  9761 | Lair:1   | Noticed a black mamba
  9773 | Lair:1   | Killed a black mamba
 10063 | Lair:1   | Noticed a spiny frog
 10076 | Lair:1   | Killed a spiny frog
 10155 | Lair:1   | Got a pitted hat
 10174 | Lair:1   | Identified the +2 hat of Midsummer {rPois rF+ rC+ rN+ Stlth-} (You found it on level 1 of the Lair of Beasts)
 10379 | Lair:1   | Reached XP level 11. HP: 83/95 MP: 14/14
 10591 | Lair:1   | Noticed Harold
 10612 | Lair:1   | Reached *** piety under Trog
 10622 | Lair:1   | Killed Harold
 11231 | Lair:1   | Reached skill level 11 in Maces & Flails
 11511 | Lair:2   | Reached **** piety under Trog
 11670 | Lair:2   | HP: 2/145 [giant leech (20)]
 11670 | Lair:2   | Slain by a river rat

Vault maps used:
D:1:      sevenhm_arrival_forest_fort_large_2
D:2:      minivault_23
D:3:      cheibrodos_ashenzari_chains, serial_corexii_hall,
          corexii_hall_statues_x, corexii_hall_statues_x, uniq_iyjb
D:4:      grunt_gozag_statues, old_standard_altar
D:5:      yredelemnul_forgotten_temple_becter,
          nemelex_xobeh_ov_fountains_minmay, kiku_gazebo_garden_becter,
          nicolae_overflow_crystal_walls, first_bread, uniq_blork_the_orc,
          uniq_edmund
D:6:      gammafunk_pakellas_cloud_experiment
D:7:      slow_altar_2, lemuel_round_altar
D:8:      okawaru_gym_becter, fedhas_altar_decomposition, serial_shops, shop,
          grunt_ogre_cave, minivault_23
D:9:      david_lair_shrubbed
Temple:   minmay_temple_curvy_loop
Lair:1:   pond, bh_autumn_forest_stairs, uniq_harold
Lair:2:   kennysheep_abandoned_house, minmay_swamp_entry_worms,
          infiniplex_staircase_pool, grunt_megastairs_1, lemuel_fruit_tree,
          serial_bayou_shore_a

Skill      XL: |  1  2  3  4  5  6  7  8  9 10 11 |
---------------+----------------------------------+-----
Maces & Flails | 3 4 5 6 7 8 9 10 11 | 11.4
Fighting       | 4 5 6 7 8 9 |  9.6
Shields        | 4 5 6 7 8 9 |  9.3
Dodging        | 1 2 4 5 6 7 |  7.8
Armour         | 4 6 7 8 9 |  9.4
Evocations     | 1 2 3 4 5 6 |  6.3

Action                   |  1- 3 |  4- 6 |  7- 9 | 10-12 || total
-------------------------+-------+-------+-------+-------++-------
Melee: Flail             |    95 |   122 |   439 |   456 ||  1112
       Headbutt          |    10 |    20 |    96 |    98 ||   224
Throw: Stone             |       |     4 |     2 |       ||     6
       Tomahawk          |       |       |       |     1 ||     1
Invok: Berserk           |       |       |       |     4 ||     4
       Burn Spellbooks   |       |       |       |     1 ||     1
  Use: Scroll            |       |       |     5 |     8 ||    13
       Potion            |       |       |     1 |       ||     1
  Eat: Chunk             |     2 |     7 |    16 |    11 ||    36
       Fruit             |       |       |     1 |       ||     1
       Royal jelly       |       |       |       |     1 ||     1
       Pizza             |       |       |       |     1 ||     1
Armor: Scale mail        |    45 |    28 |       |       ||    73
       Chain mail        |       |    12 |   110 |       ||   122
       Plate armour      |       |       |    57 |   211 ||   268
Dodge: Dodged            |    27 |    20 |   115 |   161 ||   323
Block: Shield            |    45 |    51 |   195 |   292 ||   583
